 Dungeon Crawl Stone Soup version 0.26.0-10-g1f06aea511 (webtiles) character file.

Game seed: 6847888143747366889

37 mopl the Vexing (level 3, 0/24 HPs)
             Began as a Demonspawn Enchanter on Jan 21, 2021.
             Slain by an adder (3 damage)
             ... on level 2 of the Dungeon.
             The game lasted 00:01:37 (1481 turns).

mopl the Vexing (Demonspawn Enchanter)              Turns: 1481, Time: 00:01:37

Health: 0/24       AC:  2    Str:  8    XL:     3   Next: 21%
Magic:  1/6        EV: 12    Int: 17    God:
Gold:   66         SH:  0    Dex: 13    Spells: 3/6 levels left

rFire    . . .     SeeInvis .   a - +1 dagger
rCold    . . .     Faith    .   (no shield)
rNeg     . . .     Spirit   .   b - +0 robe
rPois    .         Reflect  .   (no helmet)
rElec    .         Harm     .   (no cloak)
rCorr    .         Rampage  .   (no gloves)
Will     .....                  (no boots)
Stlth    ++........             (no amulet)
HPRegen  0.08/turn              (no ring)
MPRegen  0.10/turn              (no ring)

@: brilliant, lethally poisoned (0 -> -10)
A: claws 1, powered by pain 1
a: no special abilities


You were on level 2 of the Dungeon.
You visited 1 branch of the dungeon, and saw 2 of its levels.

You collected 66 gold pieces.

Inventory:

Hand Weapons
 a - a +1 dagger (weapon)
Missiles
 f - 54 stones
 i - 7 javelins
Armour
 b - a +0 robe (worn)
Scrolls
 c - a scroll of immolation {unknown}
 d - a scroll of amnesia {unknown}
 e - a scroll of magic mapping {unknown}
 g - a scroll of identify {unknown}
 h - a scroll of teleportation {unknown}
 k - a scroll of fog {unknown}


   Skills:
 + Level 1.4 Short Blades
 - Level 1.7 Dodging
 + Level 3.1 Stealth
 + Level 2.3 Spellcasting
 + Level 3.3 Hexes
 + Level 0.5 Ice Magic


You had 3 spell levels left.
You knew the following spells:

 Your Spells              Type           Power        Failure   Level
a - Corona                Hex            22%          4%          1
b - Ensorcelled Hibernat  Hex/Ice        24%          13%         2

Your spell library contained the following spells:

 Spells                   Type           Power        Failure   Level
 Confusing Touch          Hex            20%          14%         3
 Tukima's Dance           Hex            20%          14%         3
 Sandblast                Erth           6%           19%         1
 Passwall                 Tmut/Erth      2%           28%         2
 Dazzling Flash           Conj/Hex       22%          28%         3
 Stone Arrow              Conj/Erth      6%           50%         3
 Petrify                  Tmut/Erth      3%           88%         4
 Lee's Rapid Deconstruct  Erth           1%           99%         5


Dungeon Overview and Level Annotations

Branches:
Dungeon (2/15)

Altars:


Innate Abilities, Weirdness & Mutations

You have sharp fingernails.
You sometimes gain a little power by taking damage.


Message History

Confirm with . or Enter, or press ? or * to list all spells.
Aiming: Ensorcelled Hibernation (safe; 13% risk of failure)
Press: ? - help, Shift-Dir - straight line, f/p - adder
Aim: an adder (chance to affect: 49%)
The adder resists with some effort.
The adder barely misses you.
You feel sick. The adder bites you.
You feel sick.
You feel sick. The adder bites you.
* * * LOW HITPOINT WARNING * * *
You are more poisoned.
The adder poisons you!
Your magical contamination has completely faded away.
* * * LOW HITPOINT WARNING * * *
You feel sick.
It was a potion of brilliance.
You feel clever all of a sudden.
* * * LOW HITPOINT WARNING * * *
You feel sick. The adder bites you.
You die...

#.........†.#..........
#....####.#.#.†.†......
#.........#.#..........
#....#...##.#.....#....
#....#...##.#.....#....
#....######.'.....#....
#....### ###.....#....
#......# #.....#....
#.#..#@######.....##+##
#.#..#S#.............#
#.#..#.#.#############
#.#..#.# ###..#.#
#....#.# #....# #.##.#
# ..#


You could see an adder.

Vanquished Creatures
  An adder (D:2)
  A dart slug (D:1)
  A leopard gecko (D:1)
  6 bats
  2 giant cockroaches (D:1)
  2 goblins (D:1)
  A hobgoblin (D:1)
  3 jackals (D:1)
  2 kobolds (D:1)
  A ball python (D:1)
  A frilled lizard (D:1)
  2 rats
23 creatures vanquished.

Notes
Turn   | Place    | Note
-------+----------+-------------------------------------------
     0 | D:1      | mopl the Demonspawn Enchanter began the quest for the Orb.
     0 | D:1      | Reached XP level 1. HP: 13/13 MP: 3/3
   101 | D:1      | Reached skill level 1 in Short Blades
   396 | D:1      | Gained mutation: You have sharp fingernails. [demonic
                  | ancestry]
   396 | D:1      | Reached XP level 2. HP: 14/19 MP: 1/5
   399 | D:1      | Learned a level 2 spell: Ensorcelled Hibernation
   895 | D:1      | Reached skill level 3 in Stealth
  1411 | D:2      | Gained mutation: You sometimes gain a little power by
                  | taking damage. [demonic ancestry]
  1411 | D:2      | Reached XP level 3. HP: 24/24 MP: 3/6
  1481 | D:2      | Slain by an adder

Illustrated notes

Levels and vault maps discovered:
D:1:      psy_arrival_radial01, layout_loops_ring, hex_tiny,
          serial_bayou_pond_a, hex_medium, nrook_mini_backslash
D:2:      layout_basic, chequers_ecumenical_altar_twisty

Skill      XL: |  1  2 |
---------------+-------+-----
Short Blades   | 1 |  1.4
Stealth        | 3 |  3.1
Dodging        | |  1.7
Spellcasting   | |  2.3
Hexes          | |  3.3
Ice Magic      | |  0.5

Action                   || total
-------------------------++-------
Melee: Dagger            ||    82
 Cast: Corona            ||     6
       Ensorcelled Hiber ||     8
  Use: Potion            ||     1
 Stab: Sleeping          ||    12
Armor: Robe              ||    24
Dodge: Dodged            ||    61
